 Dungeon Crawl Stone Soup version 0.31.0-32-g396128a36d (webtiles) character file.

Game seed: 4895184003921646056

5932 RatsInWalls the Martial Artist (level 10, 0/73 HPs)
             Began as an Octopode Shapeshifter on Mar 9, 2024.
             Was a Follower of Ashenzari.
             Slain by a troll (10 damage)
             ... on level 9 of the Dungeon on Mar 10, 2024.
             The game lasted 00:41:41 (10173 turns).

RatsInWalls the Martial Artist (OpSh)              Turns: 10173, Time: 00:41:41

Health: 0/73       AC:  1    Str: 14    XL:     10   Next: 83%
Magic:  0/16       EV: 16    Int: 14    God:    Ashenzari [*.....]
Gold:   484        SH:  7    Dex: 14    Spells: 10/17 levels left

rFire   . .          .
                       - Unarmed
rCold   + . .        l - +2 buckler "Revealing Dismay" {Cun, Self} (curse)
rNeg    + . .        (helmet currently unavailable)
rPois   +            j - amulet of guardian spirit
rElec   .            r - ring of the Pangnostic Dogma {Wiz, Elem, Sorc} (curse)
rCorr   .            w - ring of positive energy
SInv    .            x - ring of poison resistance
Will    .....        m - ring of protection from cold
Stlth   ++++         (no ring)
HPRegen 0.32/turn    (no ring)
MPRegen 0.15/turn    (no ring)
                     (no ring)

%: guardian spirit, wizardry (x1)
@: beast-form
A: beast (slay +2), almost no armour, amphibious, 8 rings, camouflage 1,
gelatinous body 1, (nimble swimmer 1), tentacles
a: Begin Untransformation, Renounce Religion, Curse Item, Shatter the Chains


You were on level 9 of the Dungeon.
You worshipped Ashenzari.
Ashenzari was aware of your devotion.
You were a hulking beast.
You visited 2 branches of the dungeon, and saw 10 of its levels.

You collected 484 gold pieces.

Inventory:

Hand Weapons
 d - a +0 whip
Missiles
 e - 51 stones (quivered)
Armour
 l - the cursed +2 buckler "Revealing Dismay" (worn) {Cun, Self}
   (You found it on level 2 of the Dungeon)

   It has a curse which improves the following skills: Cunning: Dodging and
   Stealth.
   Introspection: Fighting and Spellcasting.
Magical Staves
 s - the staff of Tomorrow {^Drain rElec rF+ Conj Fire}
   (You found it on level 4 of the Dungeon)

   [staff of fire]

   Base accuracy: +5 Base damage: 5 Base attack delay: 1.2 This weapon's minimum
   attack delay (0.6) is reached at skill level 12.
   rF+:       It protects you from fire.
   rElec:     It insulates you from electricity.
   ^Drain:    It drains your maximum health when unequipped.
   Conj:      It increases the power of your Conjurations spells.
   Fire:      It increases the power of your Fire spells.
   It falls into the 'Staves' category.
   It is a one-tentacled weapon.
Jewellery
 i - an amulet of magic regeneration
 j - an amulet of guardian spirit (around mantle)
 m - a ring of protection from cold (on tentacle)
 r - the cursed ring of the Pangnostic Dogma (left tentacle) {Wiz, Elem, Sorc}
   (You found it on level 3 of the Dungeon)

   [ring of wizardry]

   Wiz:       It improves your spell success rate.
   It has a curse which improves the following skills: Elements: Fire Magic, Ice
   Magic, Air Magic and Earth Magic.
   Sorcery:   Conjurations and Alchemy.
 w - a ring of positive energy (right tentacle)
 x - a ring of poison resistance (on tentacle)
Talismans
 b - a beast talisman (active)
 c - a flux talisman
Wands
 q - a wand of flame (19)
 y - a wand of charming (7)
 z - a wand of roots (10)
Scrolls
 f - 2 scrolls of poison
 h - 2 scrolls of enchant weapon
 k - 2 scrolls of silence
 o - 2 scrolls of teleportation
 t - 2 scrolls of revelation
 v - 3 scrolls of amnesia
Potions
 a - 2 potions of lignification
 n - a potion of haste
 p - a potion of invisibility
 u - a potion of cancellation
 A - 2 potions of enlightenment
 B - a potion of resistance


   Skills:
 + Level 7.8(8.6) Fighting
 + Level 7.1(7.9) Dodging
 - Level 5.2(6.0) Stealth
 - Level 5.0 Shields
 + Level 8.2 Unarmed Combat
 + Level 3.5(4.3) Spellcasting
 + Level 3.7(4.4) Air Magic
 - Level 4.5 Shapeshifting


You had 10 spell levels left.
You knew the following spells:

 Your Spells              Type           Power      Damage    Failure   Level
a - Swiftness             Air            15%        N/A       4%          3
b - Airstrike             Air            7%         2d(2-18)  16%         4

Your spell library contained the following spells:

 Spells                   Type           Power      Damage    Failure   Level
 Shock                    Conj/Air       36%        1d5       4%          1
 Foxfire                  Conj/Fire      12%        2x1d4     10%         1
 Kiss of Death            Conj/Necr      12%        2d6       10%         1
 Confusing Touch          Hex            3%         N/A       28%         3
 Gell's Gravitas          Tloc           3%         N/A       28%         3
 Teleport Other           Tloc           3%         N/A       28%         3
 Dispel Undead            Necr           3%         3d7       65%         4
 Plasma Beam              Fire/Air       4%         2x1d14    99%         6
 Dispersal                Tloc           1%         N/A       100%        6
 Starburst                Conj/Fire      1%         6d3       100%        6


Dungeon Overview and Level Annotations

Branches:
Dungeon (9/15)             Temple (1/1) D:6
   Lair: D:8-11         Orc: D:9-12

Altars:
Ashenzari
Cheibriados
Dithmenos
Elyvilon
Fedhas
Gozag
Hepliaklqana
Kikubaaqudgha
Makhleb
Nemelex Xobeh
Okawaru
Qazlal
Ru
Sif Muna
Trog
Uskayaw
Vehumet
Wu Jian
Xom
Yredelemnul
Zin
The Shining One

Shops:
D:7 *:

Annotations:
D:7 3 runed translucent doors, EntropyEnjoyer's ghost, novice TrSh
D:8 Erica


Innate Abilities, Weirdness & Mutations

You are a hulking beast.
Your limbs bulge with bestial killing power. (Slay +2)
You cannot wear most types of armour.
You are amphibious.
You can wear up to eight rings at the same time.
Your skin changes colour to match your surroundings (Stealth+).
Your rubbery body absorbs attacks. (AC +1, EV +1)
((You are camouflaged when in or above water. (Stealth+)))
You have tentacles for arms and can constrict up to eight enemies at once.


Message History

The troll is moderately wounded.
The troll completely misses you. The troll closely misses you. x2
You barely miss the troll.
The troll is moderately wounded.
The troll bites you! The troll claws you! The troll completely misses you.
You barely miss the troll.
The troll is moderately wounded.
You block the troll's attack. x2; The troll barely misses you.
You tentacle-slap the troll. Your squeeze misses the troll.
The troll is moderately wounded.
You block the troll's attack. The troll barely misses you.
The troll claws you but does no damage.
You bludgeon the troll!
The troll is heavily wounded.
The troll completely misses you. The troll claws you. x2
You tentacle-slap the troll.
The troll is heavily wounded.
The troll bites you. You block the troll's attack.
The troll claws you but does no damage.
You bludgeon the troll! You tentacle-slap the troll.
The troll is severely wounded.
You closely miss the troll.
The troll is severely wounded.
The troll closely misses you. The troll completely misses you.
The troll closely misses you.
You barely miss the troll.
You squeeze the troll, but do no damage.
The troll is severely wounded.
The troll bites you! The troll claws you. The troll closely misses you.
You barely miss the troll.
The troll is severely wounded.
The troll barely misses you. The troll closely misses you. x2
You tentacle-slap the troll. You squeeze the troll.
The troll is almost dead.
The troll bites you!
* * * LOW HITPOINT WARNING * * *
The troll completely misses you. The troll claws you!
* * * LOW HITPOINT WARNING * * *
You feel better. You block the troll's attack. The troll claws you!
You die...

#...#)#...# ##.#.#)#.##
#..##)##.)# #.#.....#.#
#...#†#...# ###############.#####
#...)....####.....###
#......##.......##
#h..##.#...#.#...#
##T##..#..##.##..#
#......#)........#....#
..#...##....#..##.##..#
#...#....##...#.#...# . ##.
#...####.......## .. ##....##
##.....###
..###############################
..............[..................


You could see a troll.

Vanquished Creatures
  A two-headed ogre (D:8)
  Pikel (D:9)
  An orc sorcerer (D:9)
  A shadow (D:6)
  A wyvern (D:7)
  3 steam dragons (D:9)
  3 yaks
  An ice beast (D:6)
  2 sky beasts (D:7)
  2 orc warriors
  3 ogres
  A phantom (D:5)
  2 centaurs
  A lemure (D:9)
  A kobold brigand (D:6)
  2 scorpions
  A gnoll sergeant (D:9)
  7 bullfrogs
  10 wights
  6 killer bees
  4 howler monkeys
  3 bombardier beetles
  4 jellies
  An orc priest (D:7)
  5 hounds
  4 iguanas
  7 orc wizards
  5 adders
  A shadow imp (D:8)
  2 white imps
  4 ufetubi
  A dart slug (D:5)
  2 ribbon worms
  27 orcs
  4 ball pythons
  8 bats
  7 endoplasms
  2 giant cockroaches
  4 goblins
  5 hobgoblins
  2 jackals (D:2)
  3 quokkas
  3 frilled lizards
  11 kobolds
  3 rats
172 creatures vanquished.

Vanquished Creatures (others)
  An acid dragon (D:9)
1 creature vanquished.

Grand Total: 173 creatures vanquished

Notes
Turn   | Place    | Note
-------+----------+-------------------------------------------
     0 | D:1      | RatsInWalls the Octopode Shapeshifter began the quest for
                  | the Orb.
     0 | D:1      | Reached XP level 1. HP: 13/13 MP: 1/1
   206 | D:1      | Reached skill level 1 in Stealth
   293 | D:1      | Reached XP level 2. HP: 18/18 MP: 2/2
   390 | D:1      | Found a faded altar of an unknown god.
   743 | D:1      | Reached XP level 3. HP: 24/24 MP: 3/3
  2116 | D:3      | Found a hide-covered altar of Uskayaw.
  2259 | D:3      | Reached XP level 4. HP: 29/29 MP: 4/4
  2877 | D:4      | Identified the staff of Tomorrow {^Drain rElec rF+ Conj
                  | Fire}
  2916 | D:4      | Reached skill level 1 in Shields
  3318 | D:5      | Entered Level 5 of the Dungeon
  3375 | D:5      | Noticed a scorpion
  3404 | D:5      | Noticed an ogre
  3414 | D:5      | Killed an ogre
  3415 | D:5      | Reached XP level 5. HP: 36/36 MP: 5/5
  3425 | D:5      | Noticed a phantom
  3471 | D:5      | Reached skill level 4 in Unarmed Combat
  3471 | D:5      | Reached XP level 6. HP: 30/42 MP: 2/6
  3667 | D:5      | Reached XP level 7. HP: 39/47 MP: 3/7
  4719 | D:6      | Noticed a shadow
  4727 | D:6      | Reached skill level 5 in Unarmed Combat
  4745 | D:6      | Killed a shadow
  4746 | D:6      | Reached XP level 8. HP: 19/54 MP: 1/8
  4953 | D:6      | Found a staircase to the Ecumenical Temple.
  4961 | Temple   | Entered the Ecumenical Temple
  5022 | Temple   | Became a worshipper of Ashenzari the Shackled
  5257 | D:6      | Found a shadowy altar of Dithmenos.
  5381 | D:6      | Reached skill level 5 in Fighting
  5640 | D:6      | Reached skill level 6 in Unarmed Combat
  5738 | D:7      | Found Vuafriz's Book Shoppe.
  5749 | D:7      | Reached XP level 9. HP: 27/61 MP: 5/9
  5915 | D:7      | Reached skill level 5 in Shields
  6189 | D:7      | Found a runed translucent gate.
  6190 | D:7      | Found a runed translucent gate.
  6191 | D:7      | Found a runed translucent gate.
  6191 | D:7      | Noticed EntropyEnjoyer's ghost (novice TrSh)
  6254 | D:7      | Reached skill level 5 in Dodging
  6581 | D:7      | Found Noeqih's Fire Supplies.
  7066 | D:8      | Learned a level 3 spell: Swiftness
  7190 | D:8      | Reached skill level 5 in Stealth
  7190 | D:8      | Reached skill level 7 in Unarmed Combat
  7257 | D:8      | Noticed Erica
  7459 | D:8      | Noticed a two-headed ogre
  7814 | D:8      | Reached skill level 1 in Spellcasting
  8015 | D:8      | Reached skill level 1 in Air Magic
  8398 | D:7      | Reached * piety under Ashenzari
  8424 | D:8      | Killed a two-headed ogre
  8425 | D:8      | Reached XP level 10. HP: 13/72 MP: 2/14
  8916 | D:9      | Identified the +0 leather armour "Dyduy" {Harm Rampage
                  | *Slow rC+ Dex+3}
  9151 | D:9      | HP: 2/72 [orc warrior/bolt (15)]
  9986 | D:9      | Noticed an orc sorcerer
  9986 | D:9      | Noticed Pikel
 10018 | D:9      | Killed Pikel
 10019 | D:9      | Reached skill level 8 in Unarmed Combat
 10070 | D:9      | Killed an orc sorcerer
 10085 | D:9      | Learned a level 4 spell: Airstrike
 10173 | D:9      | Slain by a troll

Illustrated notes

Levels and vault maps discovered:
D:1:      moated_graveyard_arrival, layout_loops_corners,
          hellmonk_ecumenical_altar_leap_of_faith
D:2:      layout_basic, grunt_ministairs_12
D:3:      layout_loops_corners, general_overflow_altar, minmay_misc_feat_rugged
D:4:      layout_basic
D:5:      layout_loops_ring, reono_crystal_passage
D:6:      layout_loops_cross, nicolae_dithmenos_through_a_glass_darkly,
          minmay_temple_entry_wispy, chequers_hall_statues_wall_a,
          hangedman_decor_clover_reticule, kennysheep_small_circle
D:7:      layout_basic, serial_shops, shop, gammafunk_ghost_split,
          nicolae_shop_fire_sale [nicolae_sub_dead_trees]
D:8:      layout_rooms, uniq_erica
D:9:      minmay_the_grid_3x3 [minmay_the_grid_diamond_grid,
          minmay_the_grid_odd_star, minmay_the_grid_plusring,
          minmay_the_grid_aliased_spiral, minmay_the_grid_tri_star,
          minmay_the_grid_holed_spiral, minmay_the_grid_medium_cups,
          minmay_the_grid_pillar_ring, minmay_the_grid_prize_big_room],
          layout_gridville, orc_0_dummy, kennysheep_generic_room_7, uniq_pikel,
          uniq_maurice
Temple:   nicolae_temple_slightly_damp_pantheon

Skill      XL: |  1  2  3  4  5  6  7  8  9 10 |
---------------+-------------------------------+-----
Stealth        | 1 2 5 |  5.2
Fighting       | 2 3 4 5 7 |  7.8
Shields        | 1 2 3 4 5 |  5.0
Unarmed Combat | 4 5 6 7 8 |  8.2
Shapeshifting  | 4 |  4.5
Dodging        | 3 4 6 7 |  7.1
Spellcasting   | 2 3 |  3.5
Air Magic      | 2 3 |  3.7

Action                     |  1- 3 |  4- 6 |  7- 9 | 10-12 || total
---------------------------+-------+-------+-------+-------++-------
  Melee: Unarmed           |    91 |    72 |   242 |    92 ||   497
         Tentacles         |    15 |    22 |    67 |    28 ||   132
         Constrict         |    15 |    19 |    41 |    19 ||    94
         Punch             |     1 |     2 |    16 |    10 ||    29
  Throw: Stone             |       |     2 |    12 |     4 ||    18
   Cast: Airstrike         |       |       |       |     1 ||     1
 Invoke: Curse Item        |       |       |     2 |       ||     2
  Evoke: Wand              |       |       |     3 |       ||     3
    Use: Scroll            |       |       |    14 |     1 ||    15
         Potion            |       |       |     3 |     2 ||     5
   Stab: Sleeping          |    17 |     4 |     3 |     4 ||    28
         Distracted        |       |       |       |     1 ||     1
 Armour: Skin              |    24 |    27 |    96 |    49 ||   196
  Dodge: Dodged            |    36 |    21 |    85 |    68 ||   210
  Block: Buckler           |     2 |     9 |    60 |    33 ||   104
   Form: Beast             |       |       |     3 |       ||     3
         Flux              |       |       |     2 |       ||     2
                           |       |       |     1 |       ||     1
